 Dungeon Crawl Stone Soup version 0.29.1-2-gbd0b4ee654 (webtiles) character file.

Game seed: 2203805270034551216

1190 Earthwalker the Covered (level 8, 0/71 HPs)
             Began as a Minotaur Fighter on Oct 23, 2022.
             Slain by a bullfrog (1 damage)
             ... on level 6 of the Dungeon.
             The game lasted 00:07:54 (4754 turns).

Earthwalker the Covered (Minotaur Fighter)          Turns: 4754, Time: 00:07:55

Health: 0/71       AC: 12    Str: 30    XL:     8   Next: 19%
Magic:  7/7        EV:  8    Int:  5    God:
Gold:   196        SH:  5    Dex:  9    Spells: 7/7 levels left

rFire   . . .      SeeInvis .   a - +0 war axe
rCold   . . .      Faith    .   c - +0 buckler
rNeg    . . .      Spirit   .   p - +0 plate armour
rPois   +          Reflect  .   (helmet restricted)
rElec   .          Harm     .   (no cloak)
rCorr   .          Rampage  .   (no gloves)
Will    .....                   (no boots)
Stlth   ..........              (no amulet)
HPRegen 0.21/turn               o - ring of poison resistance
MPRegen 0.10/turn               t - +6 ring of strength

@: no status effects
A: horns 2, retaliatory headbutt
a: no special abilities


You were on level 6 of the Dungeon.
You visited 1 branch of the dungeon, and saw 5 of its levels.

You collected 196 gold pieces.

Inventory:

Hand Weapons
 a - a +0 war axe (weapon)
Missiles
 u - 3 boomerangs (quivered)
 x - 13 poisoned darts
Armour
 b - a +0 scale mail
 c - a +0 buckler (worn)
 p - a +0 plate armour (worn)
Jewellery
 o - a ring of poison resistance (left hand)
 t - a +6 ring of strength (right hand)
 z - a ring of see invisible
Wands
 v - a wand of paralysis (13)
 B - a wand of polymorph (8)
Scrolls
 f - 2 scrolls of teleportation
 h - 2 scrolls of enchant weapon
 i - 3 scrolls of immolation
 l - a scroll of fear
 n - a scroll of butterflies {unknown}
 q - a scroll of noise {unknown}
 r - a scroll of vulnerability {unknown}
 y - a scroll of blinking {unknown}
 A - a scroll of poison {unknown}
 C - a scroll of enchant armour {unknown}
Potions
 d - 4 potions of might
 g - a potion of mutation {unknown}
 j - 2 potions of heal wounds
 k - a potion of brilliance {unknown}
 m - a potion of haste {unknown}
 s - 2 potions of ambrosia {unknown}
 w - a potion of curing {unknown}
 D - a potion of flight {unknown}


   Skills:
 * Level 6.3 Fighting
 * Level 5.7 Axes
 + Level 2.7 Throwing
 * Level 6.3 Armour
 + Level 3.1 Dodging
 * Level 6.3 Shields


You had 7 spell levels left.
You didn't know any spells.
Your spell library contained the following spells:

 Spells                   Type           Power      Damage    Failure   Level
 Blink                    Tloc           0%         N/A       100%        2
 Poisonous Vapours        Pois/Air       0%         N/A       100%        2
 Corpse Rot               Necr/Pois/Air  0%         N/A       100%        4
 Manifold Assault         Tloc           0%         N/A       100%        5
 Storm Form               Tmut/Air       0%         N/A       100%        7


Dungeon Overview and Level Annotations

Branches:
Dungeon (4/15)
 Temple: D:4-7

Altars:
Nemelex Xobeh
Okawaru
Vehumet


Innate Abilities, Weirdness & Mutations

You have a pair of horns on your head.
You reflexively headbutt those who attack you in melee.


Message History

You closely miss the orc warrior. Your headbutt misses the orc warrior.
The orc warrior is almost dead.
The orc warrior hits you with a +0 long sword.
You are too injured to fight recklessly!
You are too injured to fight recklessly!
You barely miss the orc warrior.
The orc warrior is almost dead.
The orc warrior hits you but does no damage.
You barely miss the orc warrior.
The orc warrior is almost dead.
The orc warrior hits you with a +0 long sword!
The orc warrior barely misses you.
You barely miss the orc warrior. Your headbutt misses the orc warrior.
The orc warrior is almost dead.
The orc warrior hits you but does no damage.
You closely miss the orc warrior. Your headbutt misses the orc warrior.
The orc warrior is almost dead.
The orc warrior hits you with a +0 long sword!
* * * LOW HITPOINT WARNING * * *
You closely miss the orc warrior. Your headbutt misses the orc warrior.
The orc warrior is almost dead.
The orc warrior hits you with a +0 long sword.
* * * LOW HITPOINT WARNING * * *
A bullfrog comes into view.
You closely miss the orc warrior.
The orc warrior is almost dead.
The bullfrog croaks.
The orc warrior hits you with a +0 long sword.
* * * LOW HITPOINT WARNING * * *
The orc warrior hits you with a +0 long sword!
* * * LOW HITPOINT WARNING * * *
You barely miss the orc warrior. You headbutt the orc warrior.
You kill the orc warrior!
You hit the orc.
The orc is severely wounded.
The orc hits you but does no damage.
You slash the orc!
You kill the orc!
The bullfrog hits you.
You die...

~.#~#.# ...~#.#
...# ~...#.# #..#
#...#.# #..#
#...#.#~~.# #..
#~~.#.#~.. #..
#~~~#.#.~ #.#
#b..#.#b #F#
#b#~#.# #@# #####.#
#.##
......##########..#
..................#
.....##############
.....# #~.....~#
.....#####..~.~##
.......# #######
########


You could see a bullfrog.

Vanquished Creatures
  Menkaure (D:4)
  Edmund (D:4)
  2 water moccasins (D:6)
  An orc warrior (D:6)
  2 phantoms (D:6)
  A scorpion (D:4)
  A howler monkey (D:6)
  A jelly (D:4)
  An orc priest (D:3)
  A gnoll bouda (D:6)
  Jessica (D:2)
  Ijyb (D:3)
  An orc wizard (D:3)
  7 gnolls (D:6)
  8 adders
  2 worms (D:2)
  4 dart slugs
  14 orcs
  7 ball pythons
  3 bats
  8 endoplasms
  3 giant cockroaches
  4 goblins
  10 hobgoblins
  3 jackals (D:1)
  5 kobolds
  2 quokkas (D:2)
  3 frilled lizards
  7 rats
105 creatures vanquished.

Vanquished Creatures (others)
  17 fungi (D:6)
17 creatures vanquished.

Grand Total: 122 creatures vanquished

Notes
Turn   | Place    | Note
-------+----------+-------------------------------------------
     0 | D:1      | Earthwalker the Minotaur Fighter began the quest for the
                  | Orb.
     0 | D:1      | Reached XP level 1. HP: 19/19 MP: 0/0
   140 | D:1      | Reached XP level 2. HP: 27/27 MP: 1/1
   244 | D:1      | Found a faded altar of an unknown god.
   918 | D:1      | Reached XP level 3. HP: 33/33 MP: 2/2
  1252 | D:2      | Reached skill level 1 in Dodging
  1616 | D:2      | Reached XP level 4. HP: 40/40 MP: 3/3
  1705 | D:2      | Noticed Jessica
  1712 | D:2      | Killed Jessica
  1713 | D:2      | Reached skill level 1 in Throwing
  1930 | D:3      | Reached XP level 5. HP: 17/47 MP: 4/4
  2426 | D:3      | Noticed Ijyb
  2434 | D:3      | Killed Ijyb
  2724 | D:3      | Found a sparkling altar of Nemelex Xobeh.
  2881 | D:4      | Noticed Edmund
  2895 | D:4      | Killed Edmund
  2896 | D:4      | Reached skill level 5 in Fighting
  2896 | D:4      | Reached skill level 5 in Armour
  2896 | D:4      | Reached skill level 5 in Shields
  2896 | D:4      | Reached XP level 6. HP: 16/56 MP: 5/5
  3228 | D:4      | Found an iron altar of Okawaru.
  3551 | D:4      | Noticed Menkaure
  3574 | D:4      | Killed Menkaure
  3575 | D:4      | Reached XP level 7. HP: 36/61 MP: 6/6
  4050 | D:4      | You fall into a shaft and drop 2 floors!
  4054 | D:6      | Found a radiant altar of Vehumet.
  4083 | D:6      | Reached skill level 5 in Axes
  4547 | D:6      | Reached XP level 8. HP: 51/70 MP: 7/7
  4751 | D:6      | HP: 1/70 [orc warrior/+0 long sword (8)]
  4754 | D:6      | Slain by a bullfrog

Illustrated notes

Levels and vault maps discovered:
D:1:      dpeg_arrival_windows_large_door, layout_loops_corners,
          hellmonk_ecumenical_altar_blasted
D:2:      layout_loops_ring, serial_aquarium, aquarium_bridge_long_joined
          [aquarium_subvault_wall, aquarium_subvault_bridge,
          aquarium_subvault_bridge, aquarium_subvault_bridge,
          aquarium_subvault_bridge, aquarium_subvault_bridge],
          aquarium_window_corner, aquarium_window_fake, aquarium_window_fake,
          aquarium_view_2c, aquarium_view_2d, uniq_jessica
D:3:      minmay_recursive_quarters, layout_rooms, nemelex_diamond_rough_becter,
          uniq_ijyb
D:4:      layout_loops_ring, general_overflow_altar, uniq_menkaure, uniq_edmund
D:6:      layout_loops_ring, nicolae_overflow_crystal_walls,
          nicolae_wu_jian_immortal_techniques, mainiacjoe_overflow_boulevard,
          serial_aquarium, aquarium_bridge_long_separate
          [aquarium_subvault_bridge, aquarium_subvault_bridge,
          aquarium_subvault_wall, aquarium_subvault_bridge,
          aquarium_subvault_window, aquarium_subvault_bridge],
          aquarium_bridge_square [aquarium_subvault_window,
          aquarium_subvault_bridge, aquarium_subvault_balcony,
          aquarium_subvault_wall], aquarium_window_2, aquarium_window_2,
          aquarium_window_corridor_1, aquarium_view_2d, aquarium_balcony_3b,
          minmay_three_doors

Skill      XL: |  1  2  3  4  5  6  7 |
---------------+----------------------+-----
Fighting       | 4 5 6 |  6.3
Axes           | 3 4 5 |  5.7
Armour         | 4 5 6 |  6.3
Shields        | 4 5 6 |  6.3
Dodging        | 1 2 3 |  3.1
Throwing       | 1 2 |  2.7

Action                   |  1- 3 |  4- 6 |  7- 9 || total
-------------------------+-------+-------+-------++-------
Melee: War axe           |    80 |   129 |    71 ||   280
       Headbutt          |    12 |    13 |     8 ||    33
Throw: Boomerang         |       |     7 |     3 ||    10
  Use: Scroll            |       |       |     4 ||     4
Armor: Scale mail        |    28 |       |       ||    28
       Plate armour      |     5 |    73 |    28 ||   106
Dodge: Dodged            |    31 |    37 |    26 ||    94
Block: Buckler           |    18 |    25 |    15 ||    58
